 Dungeon Crawl Stone Soup version 0.29-a0-834-g1e95ca9f62 (webtiles) character file.

Game seed: 1961546752340647929

52 xian the Trooper (level 3, 0/31 HPs)
             Began as a Draconian Fighter on July 12, 2022.
             Slain by a gnoll
             ... wielding a +0 spear
              (4 damage)
             ... on level 2 of the Dungeon.
             The game lasted 00:04:39 (1049 turns).

xian the Trooper (Draconian Fighter)                Turns: 1049, Time: 00:04:42

Health: 0/31       AC:  8    Str: 20    XL:     3   Next: 60%
Magic:  3/3        EV: 12    Int:  8    God:
Gold:   30         SH:  0    Dex: 10    Spells: 2/2 levels left

rFire   . . .      SeeInvis .   a - +0 long sword
rCold   . . .      Faith    .   o - orb {mayhem}
rNeg    . . .      Spirit   .   (body armour unavailable)
rPois   .          Reflect  .   (helmet restricted)
rElec   .          Harm     .   (no cloak)
rCorr   .          Rampage  .   e - +2 pair of gloves
Will    .....                   (no boots)
Stlth   +.........              (no amulet)
HPRegen 0.10/turn               (no ring)
MPRegen 0.08/turn               (no ring)

@: about to teleport
A: AC +5, unfitting armour, cold-blooded
a: no special abilities


You were on level 2 of the Dungeon.
You visited 1 branch of the dungeon, and saw 2 of its levels.

You collected 75 gold pieces.
You spent 45 gold pieces at shops.

Inventory:

Hand Weapons
 a - a +0 long sword (weapon)
Missiles
 d - 4 atropa-tipped darts (quivered)
Armour
 b - a +1 buckler
 e - a +2 pair of gloves (worn)
 o - an orb of mayhem (worn)
Scrolls
 g - 2 scrolls of poison
 k - a scroll of magic mapping {unknown}
 m - a scroll of torment {unknown}
Potions
 c - a potion of might
 f - 2 potions of curing {unknown}
 h - a potion of mutation {unknown}
 i - a potion of brilliance
 j - 2 potions of attraction
 l - a potion of heal wounds {unknown}


   Skills:
 + Level 3.5 Fighting
 + Level 2.6 Long Blades
 + Level 3.4 Dodging
 + Level 3.2 Shields


You had 2 spell levels left.
You didn't know any spells.
Your spell library was empty.

Dungeon Overview and Level Annotations

Branches:
Dungeon (2/15)

Altars:

Shops:
D:2 *


Innate Abilities, Weirdness & Mutations

Your plain brown scales are hard. (AC +5)
You cannot fit into any form of body armour.
You are cold-blooded and may be slowed by cold attacks.


Message History

The gnoll hits you with a +2 flail of draining!
You feel drained.
You barely miss the gnoll. The gnoll barely misses you.
You slash the gnoll!
The gnoll is severely wounded.
The gnoll hits you with a +2 flail of draining.
You feel drained.
You hit the gnoll.
You kill the gnoll!
The gnoll misses you.
You barely miss the gnoll.
The gnoll hits you from afar with a +0 spear.
The gnoll hits you with a +0 whip!
* * * LOW HITPOINT WARNING * * *
The frilled lizard hisses angrily.
You slash the gnoll! You tail-slap the gnoll.
The gnoll is severely wounded.
The gnoll closely misses you. The gnoll hits you with a +0 whip.
* * * LOW HITPOINT WARNING * * *
You hit the gnoll.
You kill the gnoll!
The gnoll hits you from afar with a +0 spear.
* * * LOW HITPOINT WARNING * * *
Your life force feels restored.
Okay, then.
Okay, then.
The gnoll closely misses you.
Found a scroll labelled VACONI KOFY.
Found a stone staircase leading down.
A jackal comes into view.
The jackal barks!
You hear a bark! x2; You hear an angry hiss. x3
A jackal comes into view.
A frilled lizard comes into view.
The jackal barks!
The frilled lizard hisses angrily.
As you read the scroll labelled XOJIRE IFO NEPICS, it crumbles to dust.
You feel strangely unstable.
It was a scroll of teleportation.
You hear a shout!
A kobold comes into view. It is wielding a +0 whip.
A frilled lizard comes into view.
The gnoll hits you from afar with a +0 spear.
You die...

.# ###.###
........l
#..... ..
l..?....K
....###...
........S
.#.#....#
#...>....
.....#
.......
##.###
#...h #..#
#.h# #.##
#@# #.#
#.# ..#
##g# .##
##..# .#
#..## ##
#. #.## #
.. .# #l#
# .# .#
#.# # ..#
#.# #.#


You could see a gnoll, 2 jackals, a ball python, a kobold and 3 frilled lizards.

Vanquished Creatures
  2 gnolls (D:2)
  A dart slug (D:1)
  2 endoplasms (D:2)
  2 giant cockroaches (D:1)
  3 hobgoblins
  3 jackals (D:1)
  A quokka (D:1)
  2 ball pythons
  2 bats (D:1)
  A frilled lizard (D:1)
  3 goblins
  4 kobolds
  2 rats (D:1)
28 creatures vanquished.

Notes
Turn   | Place    | Note
-------+----------+-------------------------------------------
     0 | D:1      | xian the Draconian Fighter began the quest for the Orb.
     0 | D:1      | Reached XP level 1. HP: 19/19 MP: 1/1
    10 | D:1      | Noticed an electric eel
   246 | D:1      | Reached XP level 2. HP: 26/26 MP: 2/2
   803 | D:1      | Found a faded altar of an unknown god.
   829 | D:2      | Found Iqae's Assorted Antiques.
   833 | D:2      | Bought an amethyst potion for 21 gold pieces
   833 | D:2      | Bought a scroll labelled RUTSUORIMU for 24 gold pieces
   857 | D:2      | Reached XP level 3. HP: 30/31 MP: 3/3
  1049 | D:2      | Slain by a gnoll

Illustrated notes

Levels and vault maps discovered:
D:1:      arrival_aquarium_a, layout_basic, shapermc_ecumenical_altar_venn,
          skrybe_limestone_x, hangedman_decor_points,
          minmay_misc_feat_four_crosses, serial_bayou_pond_b,
          minmay_misc_feat_encased, minmay_circled_x
D:2:      layout_rooms, serial_shops, nicolae_shop_hallway_stairs

Skill      XL: |  1 |
---------------+----+-----
Dodging        | 3 |  3.4
Fighting       | |  3.5
Long Blades    | |  2.6
Shields        | |  3.2

Action                   || total
-------------------------++-------
Melee: Long sword        ||   103
       Tailslap          ||    12
  Use: Scroll            ||     7
Armor: Skin              ||    57
Dodge: Dodged            ||   103
Block: Buckler           ||    45

Table legend: (Time is in decaauts)
 A = Elapsed time spent in this place.
 B = Non-inter-level travel time spent in this place.
 C = Inter-level travel time spent in this place.
 D = Time resting spent in this place.
 E = Time spent auto-exploring this place.
 F = Levels seen in this place.
 G = Mean time per level.
                   A        B        C        D        E       F      G
               +--------+--------+--------+--------+--------+-----+--------+
         Total |   1089 |   1077 |     12 |      0 |    699 |   2 |  544.5 |
       Dungeon |   1089 |   1077 |     12 |      0 |    699 |   2 |  544.5 |
               +--------+--------+--------+--------+--------+-----+--------+

Top non-repeatable levels by time:
     D:1: 863 daAuts
     D:2: 225 daAuts
